 Dungeon Sprint DCSS version 0.31-a0-37-g98a128e1d9 (webtiles) character file.

Game seed: 10981479066960068244

24 bmack86 the Chopper (level 2, -4/43 HPs)
             Began as a Minotaur Berserker on May 14, 2023.
             Was a Follower of Trog.
             Slain by an ogre
             ... wielding a +0 giant spiked club
              (32 damage)
             ... in the Dungeon (Sprint I: "Red Sonja").
             The game lasted 00:01:24 (99 turns).

bmack86 the Chopper (Minotaur Berserker)              Turns: 99, Time: 00:01:25

Health: -4/43      AC:  5    Str: 21    XL:     2   Next: 79%
Magic:  1/1        EV: 11    Int:  4    God:    Trog [*.....]
Gold:   0          SH:  0    Dex:  9    Spells: 1/1 levels left

rFire   . . .        a - +0 hand axe
rCold   . . .        (no shield)
rNeg    . . .        j - +0 ring mail
rPois   .            (helmet restricted)
rElec   .            (no cloak)
rCorr   .            (no gloves)
SInv    .            (no boots)
Will    .....        (no amulet) Stlth
                     (no ring)
HPRegen 0.27/turn    (no ring)
MPRegen 0.07/turn

%: no teleportation
@: berserking (expiring), very quick
A: horns 2, retaliatory headbutt
a: Renounce Religion, Berserk


You were in the Dungeon.
You worshipped Trog.
Trog was aware of your devotion.
You visited 1 branch

Inventory:

Hand Weapons
 a - a +0 hand axe (weapon)
Armour
 b - a +0 animal skin
 j - a +0 ring mail (worn)
Wands
 i - a wand of acid (11) (quivered)
Scrolls
 h - a scroll of blinking
Potions
 c - 3 potions of curing
 d - a potion of heal wounds
 e - a potion of haste
 f - 2 potions of magic
 g - a potion of berserk rage


   Skills:
 + Level 5.0 Fighting
 * Level 6.0 Axes
 + Level 4.1 Armour
 - Level 2.1 Dodging
 + Level 0.0 Evocations


You had one spell level left.
You didn't know any spells.
Your spell library was empty.

Dungeon Overview and Level Annotations

Branches:
Dungeon (1/1)

Altars:


Innate Abilities, Weirdness & Mutations

You have a pair of horns on your head.
You reflexively headbutt those who attack you in melee.


Message History

You have reached level 2!
i - a wand of acid (11);
c - 3 potions of curing (gained 2)
Things that are here:
a +0 club; a +0 ring mail
j - a +0 ring mail You feel a strong urge to attack something.
You are no longer berserk.
You are exhausted.
You feel yourself slow down.
Okay, then.
You start removing your armour.
You continue taking off your +0 animal skin. x4
You finish taking off your +0 animal skin.
You start putting on your armour.
You continue putting on your +0 ring mail. x3
You are no longer corroded.
You continue putting on your +0 ring mail. x2
You finish putting on your +0 ring mail.
You start resting.
You feel yourself speed up.
You start resting.
You recover from your berserk rage.
You start resting.
HP restored.
Okay, then.
A red film seems to cover your vision as you go berserk!
You feel yourself moving faster!
You feel mighty!
The door flies open with a bang!
You feel a strong urge to attack something.
An ogre comes into view. It is wielding a +0 giant spiked club.
The ogre shouts!
The ogre hits you with a +0 giant spiked club!
There is an open door here.
You slash the ogre! Your headbutt misses the ogre.
The ogre is moderately wounded.
You closely miss the ogre.
The ogre is moderately wounded.
The ogre hits you with a +0 giant spiked club!!
Ouch! That really hurt!
You die...

##########
#<.#..@O.#
#..').#..+
#..#####+#
#..# #..#
#..# #⌠⌠#
####


You could see an ogre.

Vanquished Creatures
  Ijyb (D)
1 creature vanquished.

Notes
Turn   | Place    | Note
-------+----------+-------------------------------------------
     0 | D        | bmack86 the Minotaur Berserker began the quest for the Orb.
     0 | D        | Reached XP level 1. HP: 19/19 MP: 0/0
     3 | D        | Noticed Ijyb
     9 | D        | Killed Ijyb
    10 | D        | Reached skill level 5 in Fighting
    10 | D        | Reached skill level 6 in Axes
    10 | D        | Reached XP level 2. HP: 9/29 MP: 1/1
    96 | D        | Noticed an ogre
    99 | D        | Slain by an ogre

Illustrated notes

Levels and vault maps discovered:
D:        dungeon_sprint_1 [red_sonja_temple_1, red_sonja_temple_small_1]

Skill      XL: |  1 |
---------------+----+-----
Fighting       | 5 |  5.0
Axes           | 6 |  6.0
Armour         | 4 |  4.1
Dodging        | |  2.1

Action                     || total
---------------------------++-------
  Melee: Hand axe          ||     7
         Headbutt          ||     1
 Invoke: Berserk           ||     2
  Dodge: Dodged            ||     1

Table legend: (Time is in decaauts)
 A = Elapsed time spent in this place.
 B = Non-inter-level travel time spent in this place.
 C = Inter-level travel time spent in this place.
 D = Time resting spent in this place.
 E = Time spent auto-exploring this place.
 F = Levels seen in this place.
 G = Mean time per level.
                   A        B        C        D        E       F      G
               +--------+--------+--------+--------+--------+-----+--------+
         Total |    107 |    107 |      0 |     77 |      0 |   1 |  107.0 |
       Dungeon |    107 |    107 |      0 |     77 |      0 |   1 |  107.0 |
               +--------+--------+--------+--------+--------+-----+--------+

Top non-repeatable levels by time:
       D: 107 daAuts
